 Dungeon Crawl Stone Soup version 0.26.1-10-gdfb7c7de75 (webtiles) character file.

Game seed: 1847663873828448069

4097 olmar the Basher (level 10, -22/89 HPs)
             Began as a Palentonga Fighter on Apr 6, 2021.
             Was a Believer of the Shining One.
             Annihilated by an orc knight
             ... wielding a +0 halberd
              (25 damage)
             ... in a bailey.
             The game lasted 00:17:33 (9009 turns).

olmar the Basher (Palentonga Fighter)               Turns: 9009, Time: 00:17:34

Health: -22/89     AC: 25    Str: 23    XL:     10   Next: 5%
Magic:  10/10      EV:  1    Int:  9    God:    the Shining One [**....]
Gold:   495        SH: 10    Dex:  9    Spells: 9/9 levels left

rFire    . . .     SeeInvis +   m - +3 flail (vorpal)
rCold    . . .     Faith    .   c - +0 kite shield
rNeg     + . .     Spirit   .   p - +0 crystal plate armour
rPois    .         Reflect  .   f - +0 helmet
rElec    .         Harm     .   (no cloak)
rCorr    .         Rampage  .   o - +2 pair of gloves
Will     .....                  (no barding)
Stlth    ..........             s - amulet of magic regeneration
HPRegen  0.24/turn              (no ring)
MPRegen  0.37/turn              (no ring)

@: mighty, glowing, curled up
A: large, rugged brown scales 3, see invisible, deformed body, roll 1, armoured
tail, reflexive curl
a: Rolling Charge, Renounce Religion, Divine Shield


You were in a bailey.
You worshipped the Shining One.
The Shining One was pleased with you.
You visited 1 branch of the dungeon, and saw 8 of its levels.
You also visited: Bailey.

You collected 495 gold pieces.

Inventory:

Hand Weapons
 a - a +0 flail
 e - a +0 vampiric hand axe
 m - a +3 vorpal flail (weapon)
 q - the +0 rapier of the Briny Deep {venom, SInv}
   (You found it on level 4 of the Dungeon)

   It poisons the flesh of those it strikes.
   It lets you see invisible.
 u - a cursed -2 flail
Armour
 b - a +0 scale mail
 c - a +0 kite shield (worn)
 d - a +0 chain mail
 f - a +0 helmet (worn)
 o - a +2 pair of gloves (worn)
 p - a +0 crystal plate armour (worn)
 y - a +0 plate armour
Jewellery
 i - an uncursed amulet of inaccuracy
 s - an amulet of magic regeneration (around neck)
Wands
 v - a wand of flame (9)
Scrolls
 k - 2 scrolls of enchant weapon
 l - a scroll of fear
 r - 3 scrolls of remove curse
 D - a scroll of noise
 E - a scroll of amnesia
 F - a scroll of immolation
Potions
 g - a potion of heal wounds
 h - 2 potions of degeneration
 j - a potion of flight
 n - 3 potions of haste
 t - a potion of mutation
 w - 2 potions of resistance
 x - 2 potions of attraction
 z - a potion of magic
 A - a potion of might
 B - a potion of curing
 G - a potion of invisibility {unknown}
 H - a potion of experience {unknown}


   Skills:
 + Level 6.3 Fighting
 + Level 10.0 Maces & Flails
 + Level 5.9 Armour
 - Level 1.3 Dodging
 + Level 5.5 Shields
 + Level 0.9 Invocations
 - Level 0.3 Evocations


You had 9 spell levels left.
You didn't know any spells.
Your spell library contained the following spells:

 Spells                   Type           Power        Failure   Level
 Beastly Appendage        Tmut           0%           100%        1
 Sandblast                Erth           0%           100%        1
 Passwall                 Tmut/Erth      0%           100%        2
 Wereblood                Tmut           0%           100%        2
 Spider Form              Tmut/Pois      0%           100%        3
 Stone Arrow              Conj/Erth      0%           100%        3
 Ice Form                 Ice/Tmut       0%           100%        4
 Petrify                  Tmut/Erth      0%           100%        4
 Blade Hands              Tmut           0%           100%        5
 Lee's Rapid Deconstruct  Erth           0%           100%        5


Dungeon Overview and Level Annotations

Branches:
Dungeon (8/15)             Temple (0/1) D:6          Bailey (1/1)
   Lair: D:8-11

Altars:
Ashenzari
Cheibriados
Hepliaklqana
Kikubaaqudgha
Makhleb
Okawaru
Qazlal
Ru
Trog
Uskayaw
Vehumet
Xom
The Shining One

Shops:
D:5 *

Annotations:
D:7 2 transporters, Gadrel's ghost, novice OpFi


Innate Abilities, Weirdness & Mutations

You are completely covered in rugged brown scales. (AC +3, +7% HP)
You have supernaturally acute eyesight. (SInv)
Armour fits poorly on your strangely shaped body.
You can roll at nearby foes to attack.
You have a long armoured tail.
You curl defensively after being hit.


Message History

Your gnoll hits the orc knight but does no damage.
Unknown command.
Unknown command.
As you read the scroll of summoning, it crumbles to dust.
Wisps of shadow whirl around you...
The orc knight hits you with a +0 glaive!
You block the orc knight's attack.
Your gnoll hits the orc knight.
Your gnoll barely misses the orc knight.
Unknown command.
Unknown command.
Unknown command.
You swap places.
Your gnoll barely misses the orc knight.
Your gnoll hits the orc knight with a +0 flail!
The orc knight hits you from afar with a +0 halberd!!
* * * LOW HITPOINT WARNING * * *
The orc knight hits you with a +0 glaive!
* * * LOW HITPOINT WARNING * * *
The orc knight hits you from afar with a +0 halberd!!
You die...

############
#####
##..........##
.oo..#
#............+
..o..o
#oogg.o......+
.o....
#∩.o@g.g.....+
......
#.ogggog.....+
....o.
#...ogo......+
......
##...o.o....##
.....#
############
#####


You could see 4 orc knights, 9 friendly gnolls and 6 friendly orcs.

Vanquished Creatures
  Grinder (D:5)
  A hornet (D:7)
  A steam dragon (D:7)
  A water moccasin (D:7)
  A black bear (D:6)
  An ice beast (D:7)
  6 orc warriors (Bailey)
  2 sky beasts
  A phantom (D:5)
  A necrophage (D:7)
  3 centaurs
  3 ogres
  A big kobold (D:7)
  3 bullfrogs
  A scorpion (D:6)
  3 killer bees (D:7)
  A howler monkey (D:4)
  A hound (D:6)
  5 orc priests
  2 centaur skeletons (D:4)
  11 orc wizards
  An iguana (D:5)
  Ijyb (D:3)
  10 worker ants
  Robin (D:3)
  9 gnolls
  12 adders
  A shadow imp (D:7)
  A white imp (D:5)
  2 oozes
  2 worms
  A dart slug (D:4)
  A leopard gecko (D:4)
  55 orcs
  2 ball pythons
  4 giant cockroaches
  20 goblins
  10 hobgoblins
  3 jackals (D:2)
  14 kobolds
  4 quokkas
  3 bats
  12 frilled lizards
  A quokka skeleton (D:4)
  4 rats
224 creatures vanquished.

Vanquished Creatures (collateral kills)
  3 orc warriors (Bailey)
  An orc (Bailey)
4 creatures vanquished.

Vanquished Creatures (others)
  An orc (D:7)
  4 plants (D:3)
5 creatures vanquished.

Grand Total: 233 creatures vanquished

Notes
Turn   | Place    | Note
-------+----------+-------------------------------------------
     0 | D:1      | olmar the Palentonga Fighter began the quest for the Orb.
     0 | D:1      | Reached XP level 1. HP: 20/20 MP: 1/1
   666 | D:1      | Reached XP level 2. HP: 27/27 MP: 2/2
  1153 | D:2      | Reached XP level 3. HP: 16/33 MP: 3/3
  1340 | D:2      | Reached skill level 1 in Dodging
  1815 | D:2      | Reached XP level 4. HP: 38/40 MP: 4/4
  2000 | D:2      | Found a glowing golden altar of the Shining One.
  2069 | D:2      | Became a worshipper of the Shining One
  2129 | D:2      | Found a burning altar of Makhleb.
  2162 | D:3      | Found a broken altar of Ashenzari.
  2179 | D:3      | Found a stormy altar of Qazlal.
  2220 | D:3      | Noticed a water elemental
  2220 | D:3      | Noticed an earth elemental
  2221 | D:3      | Noticed a fire elemental
  2221 | D:3      | Noticed an air elemental
  2276 | D:3      | Noticed Ijyb
  2297 | D:3      | Killed Ijyb
  2298 | D:3      | Reached skill level 3 in Maces & Flails
  2298 | D:3      | Reached XP level 5. HP: 48/48 MP: 5/5
  2449 | D:3      | Noticed Robin
  2540 | D:3      | Killed Robin
  2866 | D:3      | Found a shimmering altar of Xom.
  3007 | D:3      | Found a glowing golden altar of the Shining One.
  3693 | D:4      | Got a bloodstained rapier
  3694 | D:4      | Identified the cursed +0 rapier of the Briny Deep {venom,
                  | SInv} (You found it on level 4 of the Dungeon)
  3935 | D:4      | Reached XP level 6. HP: 51/54 MP: 6/6
  3938 | D:4      | Reached skill level 4 in Maces & Flails
  4083 | D:4      | Found a radiant altar of Vehumet.
  4090 | D:4      | Found a sacrificial altar of Ru.
  4392 | D:4      | Reached * piety under the Shining One
  4521 | D:4      | Found a snail-covered altar of Cheibriados.
  4521 | D:4      | Found a bloodstained altar of Trog.
  4527 | D:4      | Found an ancient bone altar of Kikubaaqudgha.
  4542 | D:4      | Found a faded altar of an unknown god.
  4545 | D:4      | Found an iron altar of Okawaru.
  4631 | D:4      | Found a hazy altar of Hepliaklqana.
  4812 | D:5      | Entered Level 5 of the Dungeon
  4841 | D:5      | Reached skill level 5 in Maces & Flails
  4841 | D:5      | Gained mutation: You curl defensively after being hit.
                  | [Palentonga growth]
  4841 | D:5      | Reached XP level 7. HP: 62/62 MP: 7/7
  4858 | D:5      | Noticed Grinder
  4863 | D:5      | Killed Grinder
  4864 | D:5      | Reached skill level 6 in Maces & Flails
  4881 | D:5      | Reached XP level 8. HP: 20/71 MP: 8/8
  4887 | D:5      | Reached skill level 7 in Maces & Flails
  5385 | D:5      | Found Nofe's Assorted Antiques.
  5788 | D:5      | Found a hide-covered altar of Uskayaw.
  5814 | D:5      | Reached ** piety under the Shining One
  5824 | D:5      | Reached skill level 5 in Fighting
  6068 | D:6      | Found a staircase to the Ecumenical Temple.
  6097 | D:6      | Reached skill level 8 in Maces & Flails
  6641 | D:6      | Reached XP level 9. HP: 54/79 MP: 9/9
  7160 | D:7      | Reached skill level 9 in Maces & Flails
  7310 | D:7      | Found a transporter.
  7311 | D:7      | Noticed a moth of wrath
  7313 | D:7      | Noticed a two-headed ogre
  7318 | D:7      | Found a bloodstained altar of Trog.
  7326 | D:7      | Identified the +7 hand axe "Gomexage" {vorpal, rC- Int+2
                  | Dex+2}
  7392 | D:7      | Noticed Gadrel's ghost (novice OpFi)
  7814 | D:7      | Found a transporter.
  7823 | D:7      | Paralysed by a hornet for 1 turns
  7825 | D:7      | Reached skill level 5 in Shields
  7828 | D:7      | Reached skill level 5 in Armour
  8260 | D:7      | Found a shimmering altar of Xom.
  8260 | D:7      | Found a shimmering altar of Xom.
  8260 | D:7      | Found a shimmering altar of Xom.
  8260 | D:7      | Found a shimmering altar of Xom.
  8260 | D:7      | Found a shimmering altar of Xom.
  8260 | D:7      | Found a shimmering altar of Xom.
  8511 | D:8      | Found a flagged portal.
  8531 | Bailey   | Entered a bailey
  8650 | Bailey   | Reached skill level 10 in Maces & Flails
  8658 | Bailey   | Reached XP level 10. HP: 27/88 MP: 10/10
  8960 | Bailey   | Noticed an orc knight
  8998 | Bailey   | Noticed an orc knight
  8998 | Bailey   | Noticed an orc knight
  8998 | Bailey   | Noticed an orc knight
  8998 | Bailey   | Noticed an orc knight
  9009 | Bailey   | HP: 3/89 [orc knight/+0 glaive (7)]
  9009 | Bailey   | Annihilated by an orc knight

Illustrated notes

Levels and vault maps discovered:
D:1:      dpeg_arrival_pits, layout_basic
D:2:      layout_rooms, general_overflow_altar, tso_altar
D:3:      kennysheep_the_goblin_king, layout_loops_ring,
          nicolae_overflow_crystal_walls, nicolae_ashenzari_panopticon,
          old_standard_altar, serial_bayou_ford_a, roderic_serpentine_path,
          nicolae_qazlal_style_of_elements, uniq_robin
D:4:      layout_loops_ring, grunt_temple_overflow_open,
          nzn_hepliaklqana_mist_gate, chequers_temple_overflow_minitemple,
          kennysheep_generic_room_6
D:5:      layout_basic, eat_drink_and_be_merry_uskayaw, serial_shops,
          nicolae_shop_trees, uniq_ijyb, uniq_grinder
D:6:      layout_cave_pods, minmay_temple_entry_trees, kennysheep_generic_room_4
D:7:      layout_basic, gammafunk_ghost_wrathful_warriors, xom_shifter_show
D:8:      layout_gridville, enter_bailey_2
Bailey:   bailey_polearm_5, bailey

Skill      XL: |  1  2  3  4  5  6  7  8  9 |
---------------+----------------------------+-----
Dodging        | 1 |  1.3
Armour         | 3 4 5 |  5.9
Shields        | 3 4 5 |  5.5
Maces & Flails | 3 5 6 8 10 | 10.0
Fighting       | 4 5 6 |  6.3
Invocations    | |  0.9
Evocations     | |  0.3

Action                   |  1- 3 |  4- 6 |  7- 9 | 10-12 || total
-------------------------+-------+-------+-------+-------++-------
Melee: Flail             |   121 |   208 |   254 |    10 ||   593
       Tailslap          |    12 |    16 |    29 |       ||    57
Invok: Divine Shield     |       |       |     3 |       ||     3
 Abil: Rolling Charge    |    12 |     5 |    20 |     2 ||    39
Evoke: Wand              |       |       |     6 |     6 ||    12
  Use: Scroll            |     2 |     1 |    16 |     4 ||    23
       Potion            |     3 |     3 |     5 |     3 ||    14
Armor: Scale mail        |    72 |    94 |    19 |       ||   185
       Skin              |       |    10 |       |       ||    10
       Chain mail        |       |       |    81 |       ||    81
       Plate armour      |       |       |    24 |       ||    24
       Crystal plate arm |       |       |       |     8 ||     8
Dodge: Dodged            |    29 |    49 |    39 |     3 ||   120
Block: Kite shield       |    69 |    87 |   135 |    14 ||   305
